 Dungeon Sprint DCSS version 0.22.0-18-ge075c0d (webtiles) character file.

517 poirepourri the Warrior (level 11, -2/81 HPs)
             Began as a Gargoyle Fighter on Aug 18, 2018.
             Was an Initiate of Gozag.
             Slain by an iron troll (26 damage)
             ... in the Dungeon (Sprint VI: "Thunderdome").
             The game lasted 00:05:01 (817 turns).

poirepourri the Warrior (Gargoyle Fighter)           Turns: 817, Time: 00:05:01

Health: -2/81      AC:  8    Str: 26    XL:     11   Next: 72%
Magic:  11/11      EV: 12    Int: 10    God:    Gozag
Gold:   99         SH: 17    Dex: 14    Spells: 10/10 levels left

rFire    + . .     SeeInvis +   a - +0 flail
rCold    x . .     Gourm    .   c - +0 shield
rNeg     + . .     Faith    .   b - +0 scale mail
rPois    ∞         Spirit   .   (no helmet)
rElec    +         Reflect  +   j - +0 cloak
rCorr    .         Harm     .   (no gloves)
MR       .....     NoTele   +   (no boots)
Stlth    ..........             p - amulet "Digelehe" {Reflect *Drain +Blink rElec SH+3}
HPRegen  0.23/turn              r - ring "Ecixiew" {rElec rF+ rC- Int+2 SInv}
MPRegen  0.12/turn              s - ring of Ovohukus {rPois EV+3 Str+5 Dex+2}

@: corroded, gold aura, hasted, very quick
A: negative energy resistance 1, electricity resistance, unbreathing,
petrification resistance, rot immunity, AC +8
}: 1/15 runes: decaying
a: Potion Petition, Call Merchant, Bribe Branch, Renounce Religion, Evoke Blink


You were in the Dungeon.
You worshipped Gozag.
Gozag was noncommittal.
You were not hungry.

You visited 1 branch You collected 2450 gold pieces.
You spent 1494 gold pieces at shops.
You paid 857 gold pieces to Gozag.

Inventory:

Hand Weapons
 a - a +0 flail (weapon)
Armour
 b - a +0 scale mail (worn)
 c - a +0 shield (worn)
 j - a +0 cloak (worn)
Jewellery
 e - the ring "Osatragu" {rPois Str+5 Dex+4}
   (You bought it in a shop in the Dungeon)

   [ring of poison resistance]

   It affects your strength (+5).
   It affects your dexterity (+4).
   It protects you from poison.
 p - the amulet "Digelehe" (around neck) {Reflect *Drain +Blink rElec SH+3}
   (You bought it in a shop in the Dungeon)

   [amulet of reflection]

   It shields you and reflects attacks.
   It insulates you from electricity.
   It lets you blink.
   It causes draining when unequipped.
   It affects your SH (+3).
 r - the ring "Ecixiew" (left hand) {rElec rF+ rC- Int+2 SInv}
   (You bought it in a shop in the Dungeon)

   [ring of protection from fire]

   It affects your intelligence (+2).
   It protects you from fire.
   It makes you vulnerable to cold.
   It insulates you from electricity.
   It lets you see invisible.
 s - the ring of Ovohukus (right hand) {rPois EV+3 Str+5 Dex+2}
   (You bought it in a shop in the Dungeon)

   [ring of evasion]

   It affects your evasion (+3).
   It affects your strength (+5).
   It affects your dexterity (+2).
   It protects you from poison.
 u - an uncursed amulet of harm {unknown}
Wands
 m - a wand of acid (5)
 n - a wand of iceblast (5)
 q - a wand of scattershot (6)
Scrolls
 d - 14 scrolls of remove curse
 k - 4 scrolls of blinking
 o - 2 scrolls of fog
Potions
 g - 7 potions of heal wounds
 h - 3 potions of haste
 i - 2 potions of magic
 l - a potion of resistance
 t - 4 potions of curing
Comestibles
 f - a ration


   Skills:
 - Level 15.0 Fighting
 - Level 15.0 Maces & Flails
 - Level 3.2 Armour
 + Level 13.3 Shields


You had 10 spell levels left.
You didn't know any spells.
Your spell library was empty.

Dungeon Overview and Level Annotations

Branches:
Dungeon (1/1)

Altars:
Cheibriados
Dithmenos
Fedhas
Gozag
Kikubaaqudgha
Makhleb
Okawaru
Qazlal
Ru
Sif Muna
Trog
Uskayaw
Vehumet
Wu Jian
Xom
Yredelemnul
Zin
The Shining One
Beogh
Jiyva
Lugonu

Shops:
D *[%??*?*:[((!!!!


Innate Abilities, Weirdness & Mutations

You are resistant to torment.
Your stone body is resilient. (AC +8)
You are immune to poison.
You resist negative energy. (rN+)
You are resistant to electric shocks. (rElec)
You can survive without breathing.
You are immune to petrification.
You are immune to rotting.


Message History

You hit the rust devil.
The rust devil is heavily wounded.
You block the rust devil's attack. The iron troll bites you!!
* * * LOW HITPOINT WARNING * * *
The iron troll claws you but does no damage.
The iron troll claws you!
* * * LOW HITPOINT WARNING * * *
The rust devil is distracted by the nearby gold.
The rust devil screeches!
Unknown command. [a] - 350 gold - haste and agility [b] - 345 gold - haste and heal wounds [c] - 440 gold - haste and resistance Purchase which effect?
You no longer have enough gold to petition Gozag for potion effects.
You feel yourself speed up.
You feel much better.
The rust devil is no longer distracted by gold.
The rust devil misses you. The iron troll bites you!!
You die...
Your body crumbles into a pile of gold.

#_.....(._# #_........#
#_......._# ###.........###
#⌠...........⌠#
######.8.........8.######
##∩___......###()....___∩##
#∩........8.# #(8........∩###
=...........###4@T$.........##
.........###..4###..........⌠#
.....[...# #.<.# #..........⌠#
.........###...###..........⌠#
.........)..###...T.........##
#∩........8.# #.8.....)..∩###
##∩___......###......___∩##
######.8.........8.######
#⌠...........⌠#


You could see an iron troll and 2 rust devils.

Vanquished Creatures
  A wizard (D)
  Maurice (D)
  2 gargoyles (D)
  5 fire bats (D)
  Sigmund (D)
  A fire elemental (D)
  A vampire mosquito (D)
  Edmund (D)
  An orc warrior (D)
  2 phantoms (D)
  2 necrophages (D)
  2 centaurs (D)
  A hound (D)
  A worker ant (D)
  A bat zombie (D)
  A hobgoblin (D)
  A ball python zombie (D)
25 creatures vanquished.

Notes
Turn   | Place    | Note
-------+----------+-------------------------------------------
     0 | D        | poirepourri the Gargoyle Fighter began the quest for the Orb.
     0 | D        | Reached XP level 1. HP: 14/14 MP: 1/1
     3 | D        | Found a snail-covered altar of Cheibriados.
     3 | D        | Found an ornate altar of the Wu Jian Council.
     4 | D        | Found a glowing golden altar of the Shining One.
     4 | D        | Found a viscous altar of Jiyva.
     5 | D        | Found an iron altar of Okawaru.
     5 | D        | Found a basalt altar of Yredelemnul.
     5 | D        | Round 1.
     6 | D        | Found Lomaj's Delicious Food.
     6 | D        | Found a roughly hewn altar of Beogh.
     6 | D        | Found a shimmering altar of Xom.
     6 | D        | Found a shadowy altar of Dithmenos.
     6 | D        | Found Popt's Identification Station.
     7 | D        | Found Ydycvuymn's Jewellery.
     7 | D        | Found Qeffos's Advanced Armour.
    15 | D        | Bought a heavily runed ivory amulet for 45 gold pieces
    15 | D        | Bought a smoking bronze ring for 45 gold pieces
    15 | D        | Bought a twitching bronze ring for 45 gold pieces
    15 | D        | Identified the cursed ring of Wakif {*Corrode rPois rC- Str+8 Int-5} (You bought it in a shop in the Dungeon)
    16 | D        | Identified the ring of Aficzu Qopes {rC+ Str-5 Int+4} (You bought it in a shop in the Dungeon)
    17 | D        | Identified the amulet "Digelehe" {Reflect *Drain +Blink rElec SH+3} (You bought it in a shop in the Dungeon)
    21 | D        | Found a glowing silver altar of Zin.
    23 | D        | Found a stormy altar of Qazlal.
    24 | D        | Found Vanulame's Premium Goods.
    25 | D        | Found Ponus's Miscellaneous Merchandise.
    25 | D        | Found Foesulet's Basic Armour.
    26 | D        | Found a burning altar of Makhleb.
    26 | D        | Found a radiant altar of Vehumet.
    26 | D        | Found Siyhad's Weapon Rack.
    30 | D        | Found a corrupted altar of Lugonu.
    31 | D        | Found an ancient bone altar of Kikubaaqudgha.
    32 | D        | Found an opulent altar of Gozag.
    33 | D        | Found Tasoanai's Do-It-Yourself Clinic.
    34 | D        | Found Axoitel's Bottled Wisdom.
    34 | D        | Found Leimn's Distillery.
    36 | D        | Noticed a worker ant
    40 | D        | Became a worshipper of Gozag Ym Sagoz the Greedy
    44 | D        | Killed a worker ant
    44 | D        | Reached XP level 2. HP: 19/19 MP: 2/2
    44 | D        | Reached XP level 3. HP: 23/23 MP: 3/3
    46 | D        | Found a deep blue altar of Sif Muna.
    46 | D        | Found a hide-covered altar of Uskayaw.
    46 | D        | Found a blossoming altar of Fedhas.
    46 | D        | Found Nogroxu's Distillery.
    53 | D        | Found a bloodstained altar of Trog.
    55 | D        | Found a sacrificial altar of Ru.
    56 | D        | Found Rikamej's Staff Store.
    57 | D        | Found Esapoj Osooch's Must-Have Magic.
    57 | D        | Found Ciniet's Magic Scroll Shop.
    58 | D        | Found Unealamp's Magic Scroll Shop.
    64 | D        | Noticed a phantom
    69 | D        | Noticed Sigmund
    83 | D        | Killed a phantom
    83 | D        | Reached XP level 4. HP: 19/28 MP: 4/4
   111 | D        | Killed Sigmund
   111 | D        | Reached XP level 5. HP: 32/32 MP: 5/5
   111 | D        | Reached XP level 6. HP: 37/37 MP: 6/6
   137 | D        | Arena points: 12 (+12) [x2]
   165 | D        | Round 2.
   181 | D        | Noticed a necrophage
   196 | D        | Killed a necrophage
   199 | D        | Noticed a necrophage
   209 | D        | Killed a necrophage
   209 | D        | Reached XP level 7. HP: 45/50 MP: 7/7
   245 | D        | Arena points: 48 (+36) [x3]
   276 | D        | Bought 15 scrolls of remove curse for 450 gold pieces
   298 | D        | Bought a coiled amber ring for 45 gold pieces
   298 | D        | Bought a heavily runed wooden ring for 45 gold pieces
   298 | D        | Identified the ring "Niqon" {*Slow rPois Str+2 Stlth+} (You bought it in a shop in the Dungeon)
   299 | D        | Identified the ring "Kiazout" {rF+ rC- rN+ Int+8 Dex-5} (You bought it in a shop in the Dungeon)
   300 | D        | Bought a vibrating wooden ring for 45 gold pieces
   300 | D        | Bought a brightly glowing bronze ring for 45 gold pieces
   302 | D        | Identified the ring of the Assorted Mice {rPois rC+ Int-5 Dex+4} (You bought it in a shop in the Dungeon)
   304 | D        | Identified the ring of Ovohukus {rPois EV+3 Str+5 Dex+2} (You bought it in a shop in the Dungeon)
   310 | D        | Round 3.
   311 | D        | Noticed a fire bat
   311 | D        | Noticed a fire bat
   311 | D        | Noticed a fire bat
   315 | D        | Killed a fire bat
   317 | D        | Noticed a fire bat
   317 | D        | Noticed a fire elemental
   324 | D        | Killed a fire bat
   324 | D        | Noticed a fire bat
   326 | D        | Killed a fire bat
   326 | D        | Reached XP level 8. HP: 62/62 MP: 8/8
   335 | D        | Arena points: 132 (+84) [x4]
   358 | D        | Bought a bound golden ring for 45 gold pieces
   359 | D        | Identified the ring "Osatragu" {rPois Str+5 Dex+4} (You bought it in a shop in the Dungeon)
   363 | D        | Bought a translucent steel ring for 45 gold pieces
   363 | D        | Bought a wavering tin ring for 45 gold pieces
   364 | D        | Identified the ring "Ecixiew" {rElec rF+ rC- Int+2 SInv} (You bought it in a shop in the Dungeon)
   367 | D        | Identified the ring of Uqugeu Bohock {rPois rF+ EV+1 Str-3 Slay+3} (You bought it in a shop in the Dungeon)
   392 | D        | Round 4.
   434 | D        | Reached skill level 15 in Fighting
   455 | D        | Noticed Edmund
   461 | D        | Noticed Maurice
   475 | D        | Noticed a gargoyle
   477 | D        | Killed Edmund
   483 | D        | Killed a gargoyle
   483 | D        | Reached XP level 9. HP: 50/71 MP: 9/9
   502 | D        | Killed Maurice
   502 | D        | Arena points: 272 (+140) [x5]
   502 | D        | Reached skill level 15 in Maces & Flails
   528 | D        | Bought a potion of experience for 300 gold pieces
   528 | D        | Reached XP level 10. HP: 62/76 MP: 10/10
   531 | D        | Bought 4 potions of curing for 84 gold pieces
   531 | D        | Bought 3 potions of heal wounds for 105 gold pieces
   531 | D        | Bought 3 potions of heal wounds for 105 gold pieces
   531 | D        | Round 5.
   554 | D        | Noticed a witch
   557 | D        | Noticed a four-headed hydra
   589 | D        | Noticed a spiny frog
   603 | D        | Killed a witch
   603 | D        | Arena points: 517 (+245) [x7]
   607 | D        | Got a decaying rune of Zot
   608 | D        | Reached XP level 11. HP: 33/81 MP: 11/11
   774 | D        | Round 6.
   803 | D        | Noticed an iron troll
   817 | D        | Slain by an iron troll

Skill      XL: |  1  2  3  4  5  6  7  8  9 10 11 |
---------------+----------------------------------+-----
Maces & Flails | 6 9 12 14 15 | 15.0
Fighting       | 8 12 15 | 15.0
Shields        | 8 12 13 | 13.3
Armour         | |  3.2

Action                   |  1- 3 |  4- 6 |  7- 9 | 10-12 || total
-------------------------+-------+-------+-------+-------++-------
Melee: Flail             |    11 |    45 |    91 |    41 ||   188
Invok: Potion Petition   |       |       |     2 |     2 ||     4
Evoke: Wand              |       |       |       |     2 ||     2
  Use: Potion            |     2 |     2 |     1 |     3 ||     8
       Scroll            |       |     1 |     1 |       ||     2
 Stab: Confused          |       |       |       |     2 ||     2
Armor: Scale mail        |     6 |    19 |    37 |    12 ||    74
Dodge: Dodged            |     1 |     8 |    22 |    17 ||    48
Block: Shield            |     9 |    16 |    50 |    42 ||   117
       Reflection        |       |       |     1 |     1 ||     2
